 Dungeon Crawl Stone Soup version 0.31-a0-1009-g454b1f1e0a (webtiles) character file.

Game seed: 5498144356510514064

455 ChronoRanger the Caller (level 6, -2/32 HPs)
             Began as a Deep Elf Summoner on Nov 16, 2023.
             Killed from afar by Dowan (9 damage)
             ... with a stone arrow
             ... on level 4 of the Dungeon.
             The game lasted 00:10:15 (2900 turns).

ChronoRanger the Caller (Deep Elf Summoner)         Turns: 2900, Time: 00:10:16

Health: -2/32      AC:  3    Str:  5    XL:     6   Next: 76%
Magic:  5/17       EV: 13    Int: 22    God:
Gold:   112        SH:  0    Dex: 21    Spells: 8/17 levels left

rFire   . . .        t - +2 dagger (speed)
rCold   + . .        (no shield)
rNeg    . . .        a - +0 robe
rPois   .            o - +0 helmet
rElec   .            (no cloak)
rCorr   .            (no gloves)
SInv    .            (no boots)
Will    .....        (no amulet)
Stlth   ++           j - +6 ring of dexterity
HPRegen 0.25/turn    u - ring of protection from cold
MPRegen 0.15/turn

%: no passive effects
@: no status effects
A: no striking features
a: no special abilities


You were on level 4 of the Dungeon.
You visited 1 branch of the dungeon, and saw 4 of its levels.

You collected 112 gold pieces.

Inventory:

Hand Weapons
 d - a +0 dagger
 t - a +2 dagger of speed (weapon)
Armour
 a - a +0 robe (worn)
 l - the +2 leather armour of Good Intentions {Regen+ Dex+5}
   (You found it on level 2 of the Dungeon)

   Dex+5:     It affects your dexterity (+5).
   Regen+:    It increases your rate of health regeneration.
 o - a +0 helmet (worn)
Jewellery
 j - a +6 ring of dexterity (left hand)
 u - a ring of protection from cold (right hand)
Scrolls
 e - a scroll of summoning {unknown}
 g - a scroll of immolation {unknown}
 i - a scroll of poison {unknown}
 k - a scroll of fog {unknown}
 m - a scroll of brand weapon {unknown}
 n - a scroll of enchant weapon {unknown}
 p - a scroll of vulnerability {unknown}
 v - a scroll of noise {unknown}
Potions
 b - a potion of magic
 c - a potion of might {unknown}
 h - 2 potions of heal wounds
 r - a potion of lignification {unknown}
 s - a potion of haste
 w - a potion of mutation {unknown}


   Skills:
 - Level 2.4 Dodging
 - Level 2.4 Stealth
 + Level 6.1 Spellcasting
 * Level 7.7 Summonings


You had 8 spell levels left.
You knew the following spells:

 Your Spells              Type           Power      Damage    Failure   Level
a - Summon Small Mammal   Summ           100%       N/A       1%          1
b - Call Imp              Summ           80%        N/A       1%          2
c - Call Canine Familiar  Summ           40%        N/A       1%          3
d - Summon Guardian Gole  Hex/Summ       23%        N/A       5%          3

Your spell library contained the following spells:

 Spells                   Type           Power      Damage    Failure   Level
 Slow                     Hex            24%        N/A       9%          1
 Summon Lightning Spire   Summ/Air       23%        N/A       19%         4
 Confusing Touch          Hex            6%         N/A       26%         3
 Sigil of Binding         Hex            6%         N/A       26%         3
 Vampiric Draining        Necr           6%         2d6       26%         3


Dungeon Overview and Level Annotations

Branches:
Dungeon (4/15)
 Temple: D:4-7

Altars:
Makhleb
Zin

Annotations:
D:4 Dowan


Message History

Your hound closely misses Duvessa.
Your hound bites Duvessa.
Your hound completely misses Dowan.
Casting: Call Canine Familiar (safe; 1% risk of failure)
Confirm with . or Enter, or press ? or * to list all spells.
A tiny devil pulls itself out of the air.
Your hound closely misses Dowan.
Duvessa hits you with a +2 short sword of holy wrath!
* * * LOW HITPOINT WARNING * * *
An endoplasm and a kobold come into view.
The kobold is wielding a +1 dagger of draining.
Dowan casts a spell.
Dowan blinks!
Your cerulean imp closely misses Duvessa.
You swap places.
Duvessa closely misses your cerulean imp.
An adder comes into view.
Duvessa hits your cerulean imp with a +2 short sword of holy wrath.
Your cerulean imp convulses.
Your cerulean imp closely misses Duvessa.
Your hound bites Duvessa.
Duvessa dies!
Dowan's eyes darken. "You have made a grave mistake."
Dowan seems to find hidden reserves of power!
Your Spellcasting skill increases to level 6!
Dowan gestures wildly while chanting.
Dowan blinks!
Your cerulean imp hits the endoplasm from afar with a -1 spear.
Your hound barely misses the adder.
Your hound bites the adder.
The adder closely misses your hound.
Your cerulean imp hits the endoplasm but does no damage.
Your hound bites the adder.
The endoplasm hits your cerulean imp. The adder misses your hound.
Your cerulean imp hits the endoplasm with a -1 spear.
Your hound barely misses the adder.
The adder misses your hound. The endoplasm hits your cerulean imp.
Your hound closely misses the adder.
Dowan casts a spell at you. The stone arrow hits you!
You die...

...#######..#####.#
#J.# ####..####.#
#5S# #......##.#
#.h####..#.#.#.####
#[..)..e..........#
#..####..#.#.#.##...
#.e# #..[...##.# .#
#..###...#.### #.. #
#..@.......# ...
##.###...### #..
#.......# ..
######.## #


You could see Dowan (fast), an adder, an endoplasm (distracted, ally target), a
friendly hound (summoned) and a friendly cerulean imp (summoned).

Vanquished Creatures
  A rat (D:2)
1 creature vanquished.

Vanquished Creatures (collateral kills)
  Grinder (D:3)
  Duvessa (D:4)
  2 hounds (D:3)
  A gnoll (D:3)
  2 adders (D:3)
  A worm (D:2)
  4 orcs (D:3)
  3 endoplasms
  15 giant cockroaches
  A goblin (D:2)
  6 hobgoblins
  4 jackals (D:2)
  7 kobolds
  A quokka (D:1)
  3 ball pythons
  3 bats
  2 frilled lizards
  3 rats (D:2)
60 creatures vanquished.

Grand Total: 61 creatures vanquished

Notes
Turn   | Place    | Note
-------+----------+-------------------------------------------
     0 | D:1      | ChronoRanger the Deep Elf Summoner began the quest for the
                  | Orb.
     0 | D:1      | Reached XP level 1. HP: 10/10 MP: 6/6
   230 | D:1      | Reached XP level 2. HP: 15/15 MP: 6/8
   257 | D:1      | Learned a level 2 spell: Call Imp
   813 | D:2      | Identified the +2 leather armour of Good Intentions {Regen+
                  | Dex+5}
   942 | D:2      | Reached skill level 5 in Summonings
  1237 | D:2      | Reached XP level 3. HP: 19/19 MP: 8/10
  1241 | D:2      | Learned a level 3 spell: Call Canine Familiar
  1865 | D:3      | Found a glowing silver altar of Zin.
  2004 | D:3      | Noticed Grinder
  2005 | D:3      | Reached XP level 4. HP: 24/24 MP: 12/12
  2044 | D:3      | Paralysed by Grinder for 3 turns
  2051 | D:3      | Killed Grinder
  2052 | D:3      | Reached skill level 5 in Spellcasting
  2052 | D:3      | Reached skill level 6 in Summonings
  2052 | D:3      | Reached XP level 5. HP: 28/28 MP: 7/14
  2166 | D:3      | Reached skill level 7 in Summonings
  2166 | D:3      | Reached XP level 6. HP: 32/32 MP: 11/16
  2522 | D:3      | Found a burning altar of Makhleb.
  2817 | D:3      | Learned a level 3 spell: Summon Guardian Golem
  2853 | D:4      | Noticed Dowan
  2855 | D:4      | Noticed Duvessa
  2894 | D:4      | Killed Duvessa
  2900 | D:4      | Killed from afar by Dowan

Illustrated notes

Levels and vault maps discovered:
D:1:      amcnicky_arrival_flooded_fountain, layout_loops_ring
D:2:      minmay_roachtagon, layout_loops_ring
D:3:      layout_loops_ring, mainiacjoe_overflow_chevrons,
          lightli_temple_of_fire, cheibrodos_gnoll_hut, uniq_grinder
D:4:      layout_loops_ring, minmay_temple_entry_antechambers,
          gup_ossuary_entry_pyramid, uniq_duvessa

Skill      XL: |  1  2  3  4  5  6 |
---------------+-------------------+-----
Summonings     | 5 6 7 |  7.7
Spellcasting   | 4 5 6 |  6.1
Dodging        | |  2.4
Stealth        | |  2.4

Action                     |  1- 3 |  4- 6 || total
---------------------------+-------+-------++-------
  Melee: Dagger            |     1 |       ||     1
   Cast: Summon Small Mamm |    59 |    12 ||    71
         Call Imp          |     8 |     9 ||    17
         Call Canine Famil |       |     7 ||     7
    Use: Scroll            |       |     3 ||     3
         Potion            |       |     1 ||     1
 Armour: Robe              |     5 |    16 ||    21
  Dodge: Dodged            |    11 |    10 ||    21

Table legend: (Time is in decaauts)
 A = Elapsed time spent in this place.
 B = Non-inter-level travel time spent in this place.
 C = Inter-level travel time spent in this place.
 D = Time resting spent in this place.
 E = Time spent auto-exploring this place.
 F = Levels seen in this place.
 G = Mean time per level.
                   A        B        C        D        E       F      G
               +--------+--------+--------+--------+--------+-----+--------+
         Total |   2897 |   2838 |     59 |      0 |   2108 |   4 |  724.2 |
       Dungeon |   2897 |   2838 |     59 |      0 |   2108 |   4 |  724.2 |
               +--------+--------+--------+--------+--------+-----+--------+

Top non-repeatable levels by time:
     D:2: 1114 daAuts
     D:3: 966 daAuts
     D:1: 734 daAuts
     D:4: 81 daAuts
